 Dungeon Crawl Stone Soup version 0.29-a0-194-g6e3aafee17 (webtiles) character file.

Game seed: 6484357852226327303

14304 jlumianski the Thaumaturge (level 11, -2/77 HPs)
             Began as a Demonspawn Fire Elementalist on Feb 22, 2022.
             Was an Initiate of Qazlal.
             Slain by a large slime creature (28 damage)
             ... on level 9 of the Dungeon.
             The game lasted 01:23:34 (13610 turns).

jlumianski the Thaumaturge (DsFE)                  Turns: 13610, Time: 01:23:34

Health: -2/77      AC:  7    Str: 17    XL:     11   Next: 87%
Magic:  0/24       EV: 18    Int: 23    God:    Qazlal [......]
Gold:   300        SH:  0    Dex: 16    Spells: 14/29 levels left

rFire   . . .      SeeInvis +   C - +4 lajatang of Rubbish {freeze, rPois rC- Will++ Dex+2}
rCold   x . .      Faith    .   (shield currently unavailable)
rNeg    + . .      Spirit   +   G - +0 steam dragon scales
rPois   +          Reflect  .   (helmet restricted)
rElec   .          Harm     .   (no cloak)
rCorr   +          Rampage  .   A - +0 pair of gloves of Sif Muna's Wrath {*Corrode rN+ Will+}
Will    +++..                   n - +0 pair of boots {Fly}
Stlth   +++.......              v - amulet of magic regeneration
HPRegen 0.22/turn               D - ring "Vice" {rCorr EV+4 SInv}
MPRegen 0.78/turn               K - ring of Wiwefaigg {rCorr Str+4 Int+7}

@: flying
A: antennae 2, magic shield, magic regeneration, sturdy frame 2
a: Renounce Religion


You were on level 9 of the Dungeon.
You worshipped Qazlal.
Qazlal was noncommittal.
You visited 2 branches of the dungeon, and saw 10 of its levels.
You also visited: Sewer and Bailey.

You collected 606 gold pieces.
You spent 306 gold pieces at shops.

Inventory:

Hand Weapons
 b - a +2 flail of chaos
 g - a +0 mace
 l - a +0 quarterstaff
 m - a +0 short sword of protection
 y - a +2 whip of freezing
 C - the +4 lajatang of Rubbish (weapon) {freeze, rPois rC- Will++ Dex+2}
   (You took it off a hobgoblin in a bailey)

   It freezes those it strikes, dealing additional cold damage.
   It can also slow down cold-blooded creatures.
   Dex:       It affects your dexterity (+2).
   rC:        It makes you vulnerable to cold.
   rPois:     It protects you from poison.
   Will:      It greatly increases your willpower.
 H - a +4 long sword of freezing
 J - a +1 dire flail of protection
 M - a +3 battleaxe
 Q - the +0 rapier of Gozag's Vengeance {vamp, Contam rElec rF+ rN++}
   (You took it off an orc in a bailey)

   It occasionally heals its wielder for a portion of the damage dealt when it
   wounds a living foe.
   rF:        It protects you from fire.
   rElec:     It insulates you from electricity.
   rN:        It greatly protects you from negative energy.
   Contam:    It causes magical contamination when unequipped.
 T - a +2 whip of electrocution
Missiles
 i - 236 stones
 r - 2 javelins
 s - 4 silver javelins
 B - 11 poisoned darts
 U - a boomerang
Armour
 a - a +0 robe
 d - a +1 pair of gloves
 h - a +0 leather armour
 j - a +0 helmet
 n - a +0 pair of boots of flying (worn)
 A - the +0 pair of gloves of Sif Muna's Wrath (worn) {*Corrode rN+ Will+}
   (You acquired it in a bailey)

   rN:        It protects you from negative energy.
   *Corrode:  It may corrode you when you take damage.
   Will:      It increases your willpower.
 G - +0 steam dragon scales (worn)
 N - a +4 scale mail of cold resistance
 R - an orb of wrath
Magical Staves
 p - a staff of cold
Jewellery
 o - an amulet of faith
 v - an amulet of magic regeneration (around neck)
 D - the ring "Vice" (left hand) {rCorr EV+4 SInv}
   (You acquired it on level 4 of the Dungeon)

   [ring of evasion]

   EV:        It affects your evasion (+4).
   SInv:      It lets you see invisible.
   rCorr:     It protects you from acid and corrosion.
 I - a ring of willpower
 K - the ring of Wiwefaigg (right hand) {rCorr Str+4 Int+7}
   (You acquired it on level 8 of the Dungeon)

   [ring of resist corrosion]

   Str:       It affects your strength (+4).
   Int:       It affects your intelligence (+7).
   rCorr:     It protects you from acid and corrosion.
Scrolls
 c - 3 scrolls of immolation
 e - 3 scrolls of teleportation
 q - 3 scrolls of blinking
 u - 4 scrolls of fear
 w - a scroll of summoning
 x - a scroll of holy word
 E - a scroll of noise
 L - a scroll of vulnerability
 P - 2 scrolls of fog
Potions
 f - 7 potions of curing
 k - 3 potions of magic
 t - a potion of might
 z - a potion of degeneration
 F - 3 potions of mutation
 O - a potion of cancellation {unknown}
 S - a potion of heal wounds


   Skills:
 + Level 4.0 Fighting
 - Level 2.4(3.2) Short Blades
 - Level 3.3(3.7) Long Blades
 + Level 0.1(3.4) Maces & Flails
 * Level 5.6 Staves
 + Level 2.1 Armour
 + Level 5.1 Dodging
 + Level 4.2 Stealth
 + Level 0.1 Unarmed Combat
 + Level 9.7 Spellcasting
 + Level 4.1 Conjurations
 + Level 2.4 Hexes
 + Level 9.3 Fire Magic
 + Level 3.2 Invocations
 + Level 2.6 Evocations


You had 14 spell levels left.
You knew the following spells:

 Your Spells              Type           Power      Damage    Failure   Level
a - Foxfire               Conj/Fire      100%       2x1d9     1%          1
b - Scorch                Fire           100%       2d10      1%          2
c - Conjure Flame         Conj/Fire      42%        6-21      1%          3
d - Flame Wave            Conj/Fire      42%        2d9       3%          4
e - Slow                  Hex            88%        N/A       2%          1
f - Sticky Flame          Conj/Fire      42%        2d6       3%          4

Your spell library contained the following spells:

 Spells                   Type           Power      Damage    Failure   Level
 Inner Flame              Hex/Fire       38%        N/A       1%          3
 Ignite Poison            Fire/Tmut/Pois 25%        N/A       4%          3
 Summon Small Mammal      Summ           44%        N/A       6%          1
 Confusing Touch          Hex            22%        N/A       6%          3
 Tukima's Dance           Hex            22%        N/A       6%          3
 Summon Guardian Golem    Hex/Summ       16%        N/A       11%         3
 Call Canine Familiar     Summ           11%        N/A       17%         3
 Ozocubu's Armour         Ice            11%        N/A       17%         3
 Vampiric Draining        Necr           11%        2d6       17%         3
 Passage of Golubria      Tloc           11%        N/A       50%         4
 Yara's Violent Unravell  Hex/Tmut       8%         3d5       69%         5
 Ozocubu's Refrigeration  Ice            5%         4d6       100%        7


Dungeon Overview and Level Annotations

Branches:
Dungeon (9/15)             Temple (1/1) D:7           Sewer (visited)
 Bailey (visited)
   Lair: D:8-11         Orc: D:9-12

Altars:
Ashenzari
Cheibriados
Dithmenos
Elyvilon
Fedhas
Gozag
Hepliaklqana
Kikubaaqudgha
Makhleb
Nemelex Xobeh
Okawaru
Qazlal
Ru
Sif Muna
Trog
Uskayaw
Vehumet
Wu Jian
Xom
Yredelemnul
Zin
The Shining One
Jiyva

Shops:
D:1 ?   D:2 *=*   D:4 [**?

Annotations:
D:5 3 runed translucent doors, IdlyInterested's ghost, novice FoMo


Innate Abilities, Weirdness & Mutations

You have a pair of antennae on your head.
When hurt, damage is shared between your health and your magic reserves.
You regenerate magic rapidly.
Your movements are less encumbered by armour. (ER -4)


Message History

Qazlal accepts your kill.
A slime creature comes into view.
There is an open door here.
The slime creature completely misses you.
You slash the slime creature! You freeze the slime creature!
The slime creature is moderately wounded.
The slime creature hits you.
Casting: Scorch (safe; 1% risk of failure)
Confirm with . or Enter, or press ? or * to list all spells.
Flames lash the slime creature.
The slime creature is heavily wounded.
The slime creature's fire resistance burns away.
The slime creature closely misses you.
A slime creature comes into view.
Casting: Scorch (safe; 1% risk of failure)
Confirm with . or Enter, or press ? or * to list all spells.
Flames lash the slime creature.
The slime creature is burned terribly!
The slime creature is severely wounded.
The slime creature hits you!
Two slime creatures merge to form a large slime creature.
Casting: Scorch (safe; 1% risk of failure)
Confirm with . or Enter, or press ? or * to list all spells.
Aiming: Sticky Flame (dangerous; 3% risk of failure)
Press: ? - help, Shift-Dir - straight line, f - large slime creature
Aim: a large slime creature (moderately wounded, more vulnerable to fire, 100% to hit)
The sticky flame hits the large slime creature!
The large slime creature is burned terribly!
The large slime creature is heavily wounded.
The large slime creature is covered in liquid flames!
The large slime creature burns!
You slash the large slime creature! You freeze the large slime creature.
The large slime creature is severely wounded.
The large slime creature burns!
You hit the large slime creature. You freeze the large slime creature.
The large slime creature is severely wounded.
The large slime creature burns!
The large slime creature hits you!!
You slash the large slime creature! You freeze the large slime creature.
The large slime creature is severely wounded.
The large slime creature burns!
The large slime creature hits you!!!
You die...

##..# ##.# #.#
#.# #.#
######'######
#.........<.###
+...........'.#
#...........#@#
#...........#J#
#...........#..
#............####
#...###.......#
#.... ####+####
..... .P.Y. h....


You could see a large slime creature (burning, combustible).

Vanquished Creatures
  A death yak (D:8)
  A two-headed ogre (D:8)
  An orc high priest (Bailey)
  2 orc knights (Bailey)
  Pikel (D:3)
  An orc sorcerer (Bailey)
  3 slime creatures
  Grinder (D:4)
  A wyvern (D:9)
  A wraith (D:9)
  2 steam dragons
  Edmund (D:6)
  A water moccasin (D:8)
  9 orc warriors
  A black bear (D:7)
  3 necrophages
  An ogre (D:5)
  An ice beast (D:5)
  2 centaurs
  2 lemures
  A phantom (D:6)
  A kobold brigand (D:8)
  5 bullfrogs
  3 scorpions
  A water moccasin zombie (D:5)
  5 wights
  7 electric eels (Bailey)
  A crimson imp (D:8)
  A centaur zombie (D:5)
  A bullfrog zombie (D:5)
  3 hounds
  4 orc priests
  A gnoll shaman (D:4)
  A centaur skeleton (D:3)
  Natasha (thrice) (D:3)
  An iguana (D:5)
  3 orc wizards
  2 killer bee zombies
  A mummy (D:7)
  A howler monkey zombie (D:8)
  9 gnolls
  8 adders
  2 shadow imps (D:5)
  An ufetubus (D:3)
  3 worms
  4 dart slugs
  28 orcs
  15 ball pythons
  4 bats
  11 endoplasms
  14 giant cockroaches
  13 goblins
  14 hobgoblins
  7 jackals (D:2)
  13 kobolds
  9 quokkas
  4 frilled lizards (Sewer)
  A goblin zombie (D:7)
  An orc zombie (D:7)
  5 rats
248 creatures vanquished.

Vanquished Creatures (others)
  387 foxfires
387 creatures vanquished.

Grand Total: 635 creatures vanquished

Notes
Turn   | Place    | Note
-------+----------+-------------------------------------------
     0 | D:1      | jlumianski the Demonspawn Fire Elementalist began the quest
                  | for the Orb.
     0 | D:1      | Reached XP level 1. HP: 13/13 MP: 3/3
   237 | D:1      | You fall into a shaft and drop 1 floor!
   355 | D:2      | Gained mutation: You regenerate magic rapidly. [demonic
                  | ancestry]
   355 | D:2      | Reached XP level 2. HP: 9/19 MP: 3/5
   473 | D:2      | Found Ixacin's General Store.
   565 | D:2      | Found a faded altar of an unknown god.
   596 | D:2      | Learned a level 2 spell: Scorch
   747 | D:1      | Gained mutation: Your movements are slightly less
                  | encumbered by armour. (ER -2) [demonic ancestry]
   747 | D:1      | Reached XP level 3. HP: 24/24 MP: 4/6
   891 | D:1      | Found Kiostreno's Magic Scroll Shop.
  1706 | D:2      | Found Zann's Jewellery Boutique.
  1907 | D:2      | Found Arat's Assorted Antiques.
  2619 | D:3      | Gained mutation: When hurt, damage is shared between your
                  | health and your magic reserves. [demonic ancestry]
  2619 | D:3      | Reached XP level 4. HP: 13/31 MP: 0/8
  2646 | D:3      | Found a glowing drain.
  2668 | Sewer    | Entered a sewer
  3216 | Sewer    | Reached XP level 5. HP: 36/36 MP: 7/9
  3354 | Sewer    | Reached skill level 1 in Fighting
  3354 | Sewer    | Reached skill level 1 in Short Blades
  3354 | Sewer    | Reached XP level 6. HP: 14/43 MP: 1/11
  3679 | D:3      | Noticed Natasha
  3688 | D:3      | Killed Natasha
  3784 | D:3      | Found an iron altar of Okawaru.
  3859 | D:3      | Found a shadowy altar of Dithmenos.
  4043 | D:3      | Noticed Natasha
  4062 | D:3      | Killed Natasha
  4276 | D:3      | Noticed Natasha
  4281 | D:3      | Killed Natasha
  4360 | D:4      | Noticed Pikel
  4397 | D:2      | Bought a blackened cabochon amulet for 85 gold pieces
  4509 | D:4      | Found Opliwk's General Store.
  4767 | D:4      | Found Kiok's Assorted Antiques.
  4939 | D:4      | Gained mutation: You have a pair of small antennae on your
                  | head. [demonic ancestry]
  4939 | D:4      | Reached XP level 7. HP: 48/48 MP: 10/13
  5044 | D:3      | Killed Pikel
  5045 | D:3      | Reached skill level 5 in Spellcasting
  5045 | D:3      | Reached skill level 5 in Fire Magic
  5045 | D:3      | Reached XP level 8. HP: 33/54 MP: 7/16
  5169 | D:4      | Found a shimmering blue altar of Sif Muna.
  5173 | D:4      | Noticed Grinder
  5178 | D:4      | Found Kopeal's Magic Scroll Emporium.
  5216 | D:4      | Killed Grinder
  5229 | D:4      | Bought a scroll of identify for 24 gold pieces
  5229 | D:4      | Bought a scroll of identify for 24 gold pieces
  5229 | D:4      | Bought a scroll of identify for 24 gold pieces
  5353 | D:4      | Found a shimmering altar of Xom.
  5630 | D:4      | Found a sacrificial altar of Ru.
  5693 | D:4      | Found Cohoh's Antique Armour Shop.
  5700 | D:4      | Identified a scroll of acquirement
  5700 | D:4      | Acquired the ring "Vice" {rCorr EV+4 SInv}
  5757 | D:4      | Learned a level 3 spell: Conjure Flame
  5946 | D:5      | Entered Level 5 of the Dungeon
  6530 | D:5      | Found a runed translucent gate.
  6531 | D:5      | Found a runed translucent gate.
  6532 | D:5      | Found a runed translucent gate.
  6839 | D:5      | Noticed IdlyInterested's ghost (novice FoMo)
  7115 | D:6      | Reached XP level 9. HP: 54/61 MP: 14/19
  7260 | D:4      | Bought a glowing long sword for 149 gold pieces
  7355 | D:6      | Found an ornate altar of the Wu Jian Council.
  7355 | D:6      | Found a hide-covered altar of Uskayaw.
  7525 | D:6      | Noticed Edmund
  7543 | D:6      | Killed Edmund
  7892 | D:6      | Learned a level 4 spell: Flame Wave
  7951 | D:6      | Found an opulent altar of Gozag.
  8151 | D:5      | Reached skill level 1 in Long Blades
  8595 | D:7      | Learned a level 1 spell: Slow
  8675 | D:7      | Found a flagged portal.
  8689 | Bailey   | Entered a bailey
  9203 | Bailey   | Noticed an orc knight
  9243 | Bailey   | Killed an orc knight
  9546 | Bailey   | Noticed an orc high priest
  9553 | Bailey   | Identified the +4 lajatang of Rubbish {freeze, rPois rC-
                  | Will++ Dex+2}
  9560 | Bailey   | Killed an orc high priest
  9560 | Bailey   | Noticed an orc knight
  9561 | Bailey   | Gained mutation: You have a pair of antennae on your head.
                  | [demonic ancestry]
  9561 | Bailey   | Reached XP level 10. HP: 34/68 MP: 10/22
  9581 | Bailey   | Killed an orc knight
  9718 | Bailey   | Identified the +0 rapier of Gozag's Vengeance {vamp, Contam
                  | rElec rF+ rN++}
 10104 | Bailey   | Noticed an orc sorcerer
 10371 | Bailey   | Acquired a +0 pair of boots of flying
 10380 | Bailey   | Acquired the +0 pair of gloves of Sif Muna's Wrath
                  | {*Corrode rN+ Will+}
 10458 | Bailey   | Reached skill level 1 in Staves
 10730 | Bailey   | Noticed a rust devil
 10730 | Bailey   | Killed an orc sorcerer
 10919 | Bailey   | Found an iron altar of Okawaru.
 11344 | D:7      | Gained mutation: Your movements are less encumbered by
                  | armour. (ER -4) [demonic ancestry]
 11344 | D:7      | Reached XP level 11. HP: 76/76 MP: 24/24
 11469 | D:7      | Found a staircase to the Ecumenical Temple.
 11475 | Temple   | Entered the Ecumenical Temple
 11539 | Temple   | Became a worshipper of Qazlal Stormbringer
 11691 | D:8      | Noticed a two-headed ogre
 11704 | D:8      | Killed a two-headed ogre
 11705 | D:8      | Reached skill level 5 in Dodging
 12012 | D:8      | Acquired the ring of Wiwefaigg {rCorr Str+4 Int+7}
 12122 | D:8      | Found a basalt altar of Yredelemnul.
 12338 | D:8      | Learned a level 4 spell: Sticky Flame
 12421 | D:8      | Found a radiant altar of Vehumet.
 12421 | D:8      | Found a burning altar of Makhleb.
 12874 | D:9      | Found a snail-covered altar of Cheibriados.
 12877 | D:9      | Reached skill level 5 in Staves
 13058 | D:9      | Noticed a death yak
 13085 | D:8      | Killed a death yak
 13610 | D:9      | Slain by a large slime creature

Illustrated notes

Levels and vault maps discovered:
D:1:      onia_arrival_pyramid, layout_basic, serial_shops, shop,
          serial_co_window_serial, co_window_of_opportunity_a,
          co_window_paths_a, co_window_corner_a, co_window_paths_a,
          co_window_corner_a, co_window_2corner, co_window_paths_c,
          co_window_corner_cb, co_window_unsneaky_path_b, co_window_corner_ca,
          co_window_paths_d, co_window_paths_e, glass_columns_a,
          kennysheep_crisscross
D:2:      layout_basic, serial_shops, shop, nicolae_shop_crystal,
          nicolae_shop_advertising_works [nicolae_subvault_shop_adworks],
          hellmonk_ecumenical_altar_blasted
D:3:      layout_rooms, okawaru_trees_1, lemuel_tele_altar,
          gup_sewer_entry_pipe, patterned_corridor, uniq_natasha
D:4:      layout_cave_pools, mainiacjoe_overflow_cross_hatched,
          nicolae_sif_muna_condensation, marbit_many_paths, serial_shops,
          nicolae_shop_window_shopping, shop, nicolae_shop_crystal,
          nicolae_shop_hallway_plus, uniq_pikel, uniq_grinder
D:5:      layout_gridville, mainiacjoe_overflow_surrounded_room,
          ebering_ghost_rock_garden, nrook_loot_triangle
D:6:      layout_loops_ring, lemuel_doored_altar,
          mainiacjoe_overflow_divided_tiny, due_unseen_surprise, uniq_edmund
D:7:      layout_loops_cross, minmay_temple_entry_fiery,
          nicolae_ossuary_entry_giza, serial_rivers,
          chequers_serial_rivers_large_b, chequers_serial_rivers_micro_e,
          chequers_serial_rivers_micro_a, chequers_serial_rivers_micro_c,
          enter_bailey_3
D:8:      layout_basic, grunt_temple_overflow_lords_of_destruction,
          lemuel_crystal_altar
D:9:      layout_roguey, mainiacjoe_overflow_alcove_1, david_lair_generic,
          hiddenorc2_lemuel, roderic_roman_lattice
Temple:   pf_slimified_temple

Skill      XL: |  1  2  3  4  5  6  7  8  9 10 11 |
---------------+----------------------------------+-----
Fire Magic     | 3 4 5 6 8 9 |  9.3
Dodging        | 2 3 4 5 |  5.1
Stealth        | 2 3 4 |  4.2
Spellcasting   | 3 4 5 6 8 9 |  9.7
Fighting       | 1 2 3 4 |  4.0
Short Blades   | 1 2 |  2.4
Conjurations   | 2 3 4 |  4.1
Long Blades    | 3 |  3.3
Staves         | 3 5 |  5.6
Armour         | 2 |  2.1
Hexes          | 2 |  2.4
Invocations    | 3 |  3.2
Evocations     | 2 |  2.6
Maces & Flails | |  0.1
Unarmed Combat | |  0.1

Action                   |  1- 3 |  4- 6 |  7- 9 | 10-12 || total
-------------------------+-------+-------+-------+-------++-------
Melee: Unarmed           |    19 |       |       |       ||    19
       Mace              |    17 |       |       |       ||    17
       Short sword       |    16 |    95 |    46 |       ||   157
       Punch             |       |       |     2 |       ||     2
       Long sword        |       |       |    66 |     2 ||    68
       Lajatang          |       |       |       |    89 ||    89
 Cast: Foxfire           |    31 |    68 |    83 |    25 ||   207
       Scorch            |    11 |    33 |    84 |    42 ||   170
       Flame Wave        |       |       |     2 |     4 ||     6
       Sticky Flame      |       |       |       |     5 ||     5
       Conjure Flame     |       |       |       |     1 ||     1
Evoke: Wand              |       |       |     4 |     1 ||     5
  Use: Scroll            |     8 |     3 |     9 |     6 ||    26
       Potion            |       |     1 |       |     3 ||     4
 Stab: Sleeping          |       |     2 |     2 |     1 ||     5
Armor: Robe              |    12 |       |       |       ||    12
       Leather armour    |     8 |    76 |    34 |       ||   118
       Steam dragon scal |       |       |    17 |    17 ||    34
Dodge: Dodged            |    53 |   177 |   179 |   118 ||   527

Table legend: (Time is in decaauts)
 A = Elapsed time spent in this place.
 B = Non-inter-level travel time spent in this place.
 C = Inter-level travel time spent in this place.
 D = Time resting spent in this place.
 E = Time spent auto-exploring this place.
 F = Levels seen in this place.
 G = Mean time per level.
                   A        B        C        D        E       F      G
               +--------+--------+--------+--------+--------+-----+--------+
         Total |  13844 |  13589 |    255 |   2908 |   6268 |  12 | 1153.7 |
       Dungeon |  10361 |  10106 |    255 |   1462 |   5661 |   9 | 1151.2 |
        Temple |     70 |     70 |      0 |      0 |      0 |   1 |   70.0 |
         Sewer |   1094 |   1094 |      0 |    487 |    153 |   1 | 1094.0 |
        Bailey |   2318 |   2318 |      0 |    959 |    454 |   1 | 2318.0 |
               +--------+--------+--------+--------+--------+-----+--------+

Top non-repeatable levels by time:
  Bailey: 2318 daAuts
     D:3: 1529 daAuts
     D:2: 1443 daAuts
     D:5: 1354 daAuts
     D:7: 1313 daAuts
     D:8: 1280 daAuts
     D:1: 1269 daAuts
     D:6: 1096 daAuts
   Sewer: 1094 daAuts
     D:4: 825 daAuts
     D:9: 249 daAuts
  Temple: 70 daAuts
